Map: 2000 애트모스피어 - 래더

Players

Solar

  • Race: Zerg Zerg

Cure - Winner!

  • Race: Terran Terran

Event: IEM Katowice 2022

VOD

Have the link to the VOD?

Description

Time

  • Played on: Feb. 24, 2022, 8:34 a.m.
  • Length: 13:13

All games in this series

Show
View Real Time Build Order
Export as new Build Order

Solar Zerg 

Build Orders: Hatch First 

Get SALT Encoding   

  12  0:00  Drone  
  13  0:12  Overlord  
  13  0:16  Drone  
  14  0:31  Drone x2  
  16  0:47  Hatchery  
  15  0:50  Drone  
  15  0:54  Drone  
  17  0:57  Drone  
  18  1:08  Extractor  
  17  1:13  Spawning Pool  
  17  1:16  Drone  
  17  1:19  Drone  
  18  1:29  Drone  
  19  1:39  Drone  
  20  1:50  Drone  
  21  1:59  Queen x2  
  21  2:00  Zergling x4  
  27  2:11  Overlord  
  27  2:13  Metabolic Boost  
  27  2:15  Drone  
  28  2:27  Hatchery  
  27  2:30  Drone  
  27  2:33  Drone  
  29  2:41  Queen  
  29  2:43  Drone  
  32  2:46  Overlord  
  32  2:54  Drone x3  
  32  2:56  Drone  
  35  3:05  Drone  
  35  3:06  Drone  
  35  3:09  Queen  
  35  3:10  Drone  
  35  3:11  Drone  
  41  3:15  Overlord  
  41  3:20  Queen  
  43  3:27  Overlord  
  43  3:34  Zergling x4  
  43  3:35  Zergling x2  
  43  3:39  Queen  
  43  3:40  Drone  
  49  3:41  Drone x2  
  49  3:44  Drone, Overlord  
  49  3:46  Zergling x2  
  53  3:50  Queen  
  53  3:54  Drone x2  
  57  3:58  Drone x2  
  57  3:59  Zergling x2  
  57  4:00  Zergling x2  
  61  4:03  Zergling x4  
  63  4:10  Zergling x2  
  63  4:11  Overlord  
  63  4:15  Drone  
  65  4:17  Drone  
  65  4:19  Overlord  
  65  4:21  Overlord  
  65  4:22  Drone x2  
  68  4:25  Roach Warren  
  68  4:27  Extractor  
  68  4:28  Extractor  
  65  4:31  Drone  
  65  4:34  Drone  
  65  4:37  Drone  
  65  4:38  Drone x6  
  72  4:41  Spore Crawler  
  72  4:44  Lair  
  73  4:46  Drone  
  73  4:48  Drone  
  73  4:50  Drone  
  76  4:55  Spore Crawler  
  76  4:56  Drone  
  76  4:57  Drone  
  76  4:59  Queen  
  77  5:06  Drone x4  
  80  5:11  Spore Crawler  
  80  5:13  Roach  
  83  5:14  Roach  
  83  5:15  Roach  
  83  5:18  Drone x2  
  83  5:19  Drone  
  88  5:22  Overlord  
  88  5:25  Roach, Extractor  
  88  5:26  Drone, Extractor  
  88  5:28  Overlord  
  89  5:30  Overlord  
  89  5:33  Overlord  
  89  5:37  Drone  
  89  5:39  Overlord  
  89  5:40  Overlord  
  89  5:42  Drone x2  
  91  5:44  Drone x2  
  91  5:45  Extractor, Glial Reconstitution  
  92  5:54  Overseer  
  92  5:55  Drone x2, Spire  
  93  5:57  Drone  
  93  5:59  Drone x2  
  93  6:01  Drone  
  94  6:05  Drone x3  
  94  6:08  Drone  
  93  6:12  Drone x2  
  93  6:13  Drone x2  
  93  6:16  Drone x2  
  99  6:19  Overlord  
  99  6:25  Roach x3  
  105  6:29  Zergling x4  
  105  6:30  Zergling x2  
  107  6:37  Drone  
  107  6:39  Drone  
  105  6:41  Drone x2  
  105  6:44  Overseer  
  106  6:50  Drone  
  106  6:53  Overlord  
  107  6:55  Drone, Overlord  
  107  6:56  Drone  
  109  7:02  Hatchery  
  109  7:06  Corruptor x3  
  114  7:10  Corruptor  
  114  7:14  Corruptor  
  118  7:17  Zerg Flyer Weapons Level 1  
  118  7:22  Evolution Chamber  
  116  7:29  Drone, Corruptor x3  
  122  7:33  Drone x4  
  122  7:36  Overlord  
  126  7:38  Drone x2  
  126  7:45  Corruptor x2  
  126  7:47  Drone x2  
  132  7:56  Corruptor  
  132  7:59  Zerg Missile Weapons Level 1  
  132  8:01  Overlord  
  132  8:02  Evolution Chamber  
  131  8:06  Drone x2  
  131  8:07  Infestation Pit  
  131  8:08  Baneling Nest  
  131  8:10  Roach x4  
  136  8:18  Drone  
  137  8:20  Drone  
  137  8:22  Roach  
  138  8:28  Ravager x5  
  138  8:30  Roach  
  138  8:31  Roach x2  
  138  8:34  Hatchery, Roach x2  
  149  8:41  Roach x2  
  152  8:43  Roach  
  150  8:50  Roach x2  
  150  8:51  Zergling x12  
  155  8:58  Roach x2  
  149  9:04  Roach x6  
  149  9:07  Zergling x6  
  156  9:13  Zerg Melee Weapons Level 1  
  156  9:14  Roach x2  
  160  9:19  Ravager  
  160  9:20  Overlord  
  160  9:21  Overlord  
  160  9:22  Overlord  
  160  9:27  Drone  
  160  9:29  Centrifugal Hooks  
  161  9:32  Drone  
  161  9:34  Corruptor  
  161  9:35  Overlord  
  158  9:39  Corruptor  
  158  9:45  Zergling x12  
  164  9:46  Drone  
  165  9:55  Corruptor  
  165  9:58  Zergling x4  
  169  10:02  Ravager x3  
  169  10:03  Baneling x3, Ravager  
  169  10:04  Baneling x4  
  169  10:06  Drone x2  
  175  10:07  Drone, Extractor  
  175  10:09  Drone  
  175  10:10  Drone  
  175  10:13  Hatchery  
  176  10:14  Corruptor  
  176  10:16  Roach  
  176  10:17  Roach  
  176  10:19  Drone x2  
  176  10:20  Drone x3  
  185  10:23  Pneumatized Carapace  
  185  10:24  Overlord  
  185  10:27  Overlord  
  185  10:29  Zergling x4  
  185  10:31  Overlord  
  185  10:35  Hive  
  185  10:39  Drone x2  
  185  10:42  Roach x2  
  191  10:43  Overlord  
  191  10:45  Drone x3  
  193  10:50  Corruptor x2  
  193  10:55  Drone x2  
  199  10:58  Spine Crawler  
  199  10:59  Spine Crawler  
  199  11:00  Drone  
  199  11:01  Drone  
  199  11:04  Extractor  
  199  11:07  Drone  
  199  11:10  Baneling x7  
  199  11:11  Zergling x2  
  200  11:20  Zergling x4  
  200  11:21  Zergling x12  
  200  11:25  Roach x2, Zergling x10  
  200  11:30  Zergling x8  
  198  11:36  Zergling x6  
  198  11:38  Zergling x4  
  193  11:40  Baneling x2, Ravager x5  
  193  11:46  Roach x4  
  193  11:47  Zergling x2  
  188  11:50  Baneling x6  
  188  11:51  Baneling x3  
  184  11:58  Zergling x18  
  184  12:00  Baneling x5  
  184  12:01  Baneling x2  
  175  12:03  Roach x2  
  175  12:06  Zergling x2  
  176  12:09  Zergling x12  
  176  12:10  Zergling x4  
  179  12:20  Mutalisk  
  179  12:21  Evolution Chamber  
  163  12:23  Mutalisk x2  
  163  12:27  Mutalisk x2  
  163  12:28  Mutalisk  
  163  12:29  Hatchery  
  167  12:30  Mutalisk  
  167  12:34  Mutalisk  
  169  12:39  Zergling x12  
  169  12:41  Mutalisk x2  
  169  12:42  Mutalisk  
  169  12:43  Mutalisk  
  159  12:47  Zergling x2  
  159  12:48  Mutalisk  
  166  12:51  Zergling x4  
Show
View Real Time Build Order
Export as new Build Order

Cure Terran - Winner!

Build Orders: Mech 

Get SALT Encoding   

  12  0:00  SCV  
  13  0:12  SCV  
  14  0:17  Supply Depot  
  14  0:24  SCV  
  15  0:38  SCV  
  15  0:39  Barracks  
  15  0:42  Refinery  
  16  0:50  SCV  
  17  1:03  SCV  
  18  1:15  SCV  
  19  1:27  Orbital Command  
  19  1:34  Command Center  
  19  1:37  Marine  
  20  1:48  Factory  
  20  1:52  SCV  
  21  1:57  Refinery  
  21  2:01  Barracks Reactor  
  21  2:04  SCV  
  22  2:08  Supply Depot  
  22  2:16  SCV  
  23  2:30  SCV  
  23  2:31  Hellion  
  23  2:33  Starport  
  26  2:37  Marine x2  
  26  2:42  SCV  
  29  2:47  Orbital Command  
  29  2:54  Hellion  
  29  2:56  SCV  
  32  3:00  Marine  
  32  3:01  Marine  
  34  3:10  Medivac  
  36  3:13  SCV x2  
  36  3:17  Supply Depot  
  36  3:19  Marine  
  38  3:22  Marine  
  38  3:25  Hellion  
  42  3:27  SCV  
  42  3:29  SCV  
  44  3:39  SCV  
  44  3:40  Supply Depot, Marine x2  
  44  3:41  SCV  
  48  3:50  Fusion Core  
  48  3:51  SCV  
  48  3:53  SCV  
  50  4:03  SCV  
  50  4:05  SCV  
  50  4:07  Command Center  
  52  4:17  SCV x2  
  52  4:20  Starport Tech Lab  
  53  4:25  Supply Depot, Refinery  
  53  4:26  Refinery  
  57  4:31  SCV x2  
  59  4:39  Battlecruiser  
  59  4:44  SCV  
  62  4:46  SCV  
  62  4:48  Hellion x2  
  67  4:56  SCV  
  67  4:58  SCV  
  69  5:08  SCV  
  69  5:13  Factory  
  70  5:14  Factory  
  70  5:15  Supply Depot  
  70  5:19  SCV, Hellion x2  
  70  5:20  SCV, Orbital Command  
  76  5:31  SCV  
  76  5:32  Supply Depot  
  77  5:36  SCV  
  77  5:41  Hellion x2  
  82  5:43  SCV  
  82  5:44  Orbital Command  
  82  5:45  Battlecruiser  
  89  5:52  SCV  
  89  5:55  SCV  
  91  5:57  Factory Tech Lab x2  
  91  6:02  Hellion x2  
  91  6:03  Supply Depot  
  95  6:04  Supply Depot  
  95  6:07  SCV x2  
  97  6:12  SCV  
  97  6:16  Refinery  
  97  6:17  Siege Tank  
  101  6:19  Supply Depot, Refinery  
  101  6:24  Siege Tank  
  104  6:28  SCV x3  
  107  6:40  SCV x2  
  107  6:41  SCV  
  107  6:43  Hellion x2  
  107  6:46  Supply Depot x2  
  114  6:49  Siege Tank  
  114  6:53  Battlecruiser  
  123  6:58  Supply Depot  
  123  7:00  Weapon Refit  
  123  7:07  Siege Tank  
  126  7:09  Armory  
  126  7:10  SCV  
  126  7:11  SCV, Armory  
  126  7:12  SCV  
  129  7:22  Siege Tank  
  132  7:24  SCV  
  132  7:25  SCV x2  
  133  7:31  Hellion x2  
  133  7:36  Supply Depot, Factory  
  133  7:38  Factory  
  133  7:39  SCV x2  
  133  7:40  SCV  
  133  7:41  Engineering Bay  
  136  7:47  Cyclone  
  139  7:52  Hellion x2  
  139  7:54  Cyclone  
  143  8:01  SCV, Terran Vehicle Weapons Level 1, Terran Vehicle And Ship Armor Level 1  
  143  8:03  SCV x2  
  144  8:06  Supply Depot  
  144  8:13  SCV, Command Center  
  144  8:16  Missile Turret  
  144  8:19  Missile Turret  
  142  8:23  Missile Turret, Siege Tank  
  142  8:25  Factory Tech Lab, Factory Reactor  
  145  8:31  Hellion x2  
  149  8:37  SCV x3  
  150  8:47  Siege Tank x2  
  149  8:55  SCV x3, Siege Tank  
  138  9:01  Hellion x2  
  130  9:07  SCV x3  
  124  9:12  Hellion  
  124  9:13  Hellion  
  128  9:17  Factory  
  128  9:19  SCV x3, Factory, Siege Tank  
  128  9:20  Factory  
  128  9:23  Cyclone  
  128  9:24  Hellion  
  139  9:27  Siege Tank  
  139  9:28  Starport Reactor  
  143  9:31  SCV x2  
  143  9:35  Hellion  
  143  9:36  Hellion x2, Mag-Field Accelerator  
  151  9:45  SCV x3  
  150  9:48  Infernal Pre-Igniter  
  150  9:50  Missile Turret, Refinery  
  150  9:51  Siege Tank  
  153  9:54  Missile Turret  
  153  9:56  Refinery  
  153  10:02  Terran Vehicle And Ship Armor Level 2, Terran Vehicle Weapons Level 2  
  153  10:03  Hellion  
  153  10:04  Hellion  
  157  10:11  Missile Turret, Planetary Fortress  
  157  10:12  Missile Turret  
  157  10:21  Siege Tank  
  157  10:23  Factory Tech Lab  
  160  10:30  Factory Reactor  
  160  10:35  Siege Tank  
  159  10:36  Hellion x2, Siege Tank  
  159  10:37  Hellion  
  159  10:39  Supply Depot x2  
  159  10:41  Supply Depot, Siege Tank  
  171  10:47  Siege Tank  
  171  10:49  Command Center  
  174  10:58  Siege Tank  
  174  10:59  Hellion  
  174  11:01  Hellion x3  
  185  11:06  Sensor Tower  
  185  11:09  Siege Tank x2  
  185  11:10  Hellion x2  
  195  11:14  Hellion  
  195  11:19  Hellion  
  191  11:30  Cyclone  
  191  11:31  Hellion x2  
  198  11:35  Cyclone  
  188  11:40  Cyclone  
  188  11:41  Cyclone x2  
  174  12:00  Hellion x4  
  175  12:02  Cyclone  
  175  12:07  Cyclone  
  167  12:13  Siege Tank, Cyclone x2  
  167  12:15  Hellion x2  
  171  12:23  Hellion x2  
  171  12:24  Hellion x2  
  171  12:34  Siege Tank  
  171  12:35  Planetary Fortress  
  171  12:36  Hellion  
  176  12:39  Siege Tank, Command Center  
  161  12:45  Hellion  
  161  12:48  Missile Turret  

Tags
 
Add a new tag
Caveats
  • Supply blocks, unpowered buildings, or Contaminate may cause inaccurate times.
  • Supply counts are checked every 10 seconds.